 Dungeon Sprint DCSS version 0.26-a0-466-g989023bd0d (webtiles) character file.

Game seed: 5648797137765682601

237856 Baz the End of an Era (level 20, -18/216 HPs)
             Began as a Hill Orc Fighter on July 29, 2020.
             Was the Champion of Qazlal.
             Demolished by Lokhlir the pandemonium lord (30 damage)
             ... in the Dungeon (Sprint V: "Ziggurat Sprint").
             The game lasted 00:28:02 (3435 turns).

Baz the End of an Era (Hill Orc Fighter)            Turns: 3435, Time: 00:28:02

Health: -18/216    AC: 29    Str: 28    XL:     20   Next: 8%
Magic:  12/37      EV: 16    Int: 20    God:    Qazlal [******]
Gold:   0          SH: 45    Dex: 14    Spells: 26/26 levels left

rFire    + + .     SeeInvis .   o - +9 broad axe (flame)
rCold    + . .     Faith    +   n - +18 shield of the Gong {rElec rN+ MR+ EV-5}
rNeg     + + +     Spirit   .   k - +12 gold dragon scales
rPois    +         Reflect  .   (no helmet)
rElec    +         Harm     .   M - +2 cloak {MR+}
rCorr    .         NoTele   +   l - +2 pair of gloves {Dex+3}
MR       +++++                  K - +1 pair of boots of Sif Muna's Benevolence {Int+3}
Stlth    ..........             U - amulet of Kekefis {Faith rN++}
HPRegen  0.46/turn              Y - ring "Luap" {+Inv Str+4 Slay+4 Stlth+}
MPRegen  0.25/turn              X - ring of Wusm {+Inv rF+ MR++ Int+6 Stlth-}

@: mighty, protected from physical damage, corroded, hasted, studying 2 skills,
silenced, repel missiles, very quick
A: no striking features
a: Renounce Religion, Evoke Invisibility


You were in the Dungeon.
You worshipped Qazlal.
Qazlal was exalted by your worship.
You visited 1 branch

Inventory:

Hand Weapons
 a - a +0 war axe
 c - the cursed +14 obsidian axe {vorpal, +Fly SInv *Curse}
   (You found it in the Dungeon)

   It inflicts extra damage upon your enemies.
   It lets you see invisible.
   It lets you fly.
   It curses itself when equipped.
   It has a curse placed upon it.
 o - a +9 broad axe of flaming (weapon)
 H - the +8 frozen axe "Frostbite" {freezing cloud, *Noise +Fly rC+}
   (You found it in the Dungeon)

   It has been specially enchanted to freeze those struck by it, causing extra
   injury to most foes and up to half again as much damage against particularly
   susceptible opponents.
   It can also slow down cold-blooded creatures.
   It protects you from cold.
   It lets you fly.
   It may make noises in combat.
 O - the +3 broad axe of the Twelve Teeth {venom, rC+}
   (You found it in the Dungeon)

   It poisons the flesh of those it strikes.
   It protects you from cold.
 Q - the +10 morningstar "Eos" {elec, Halo rElec}
   (You found it in the Dungeon)

   Occasionally, upon striking a foe, it will discharge some electrical energy
   and cause terrible harm.
   It insulates you from electricity.
 S - the +6 battleaxe "Kobeygexe" {elec, rPois}
   (You took it off a deep elf knight in the Dungeon)

   Occasionally, upon striking a foe, it will discharge some electrical energy
   and cause terrible harm.
   It protects you from poison.
Armour
 k - +12 gold dragon scales (worn)
 l - a +2 pair of gloves of dexterity (worn)
 n - the +18 shield of the Gong (worn) {rElec rN+ MR+ EV-5}
   (You found it in the Dungeon)

   It affects your evasion (-5).
   It insulates you from electricity.
   It protects you from negative energy.
   It affects your resistance to hostile enchantments.
 z - the +15 Maxwell's patent armour {-Cast -Tele rElec MR+ rCorr}
   (You found it in the Dungeon)

   It insulates you from electricity.
   It affects your resistance to hostile enchantments.
   It prevents spellcasting.
   It prevents most forms of teleportation.
   It provides partial protection from all sources of acid and corrosion.
 K - the +1 pair of boots of Sif Muna's Benevolence (worn) {Int+3}
   (You found it in the Dungeon)

   It affects your intelligence (+3).
 M - a +2 cloak of magic resistance (worn)
Jewellery
 b - an uncursed ring of wizardry
 D - an uncursed ring of flight
 G - a +4 ring of evasion
 I - an uncursed ring of positive energy
 J - a ring of the Octopus King {rCorr AC+1 EV+1 Str+1 Int+1 Dex+1}
   (You found it in the Dungeon)

   [ring of resist corrosion]

   It affects your AC (+1).
   It affects your evasion (+1).
   It affects your strength (+1).
   It affects your intelligence (+1).
   It affects your dexterity (+1).
   It provides partial protection from all sources of acid and corrosion.
 R - the amulet "Hero's Friend" {Reflect rF++ MP+9 SH+5}
   (You found it in the Dungeon)

   [amulet of reflection]

   It shields you and reflects attacks.
   It greatly protects you from fire.
   It affects your magic capacity (+9).
   It affects your SH (+5).
 U - the amulet of Kekefis (around neck) {Faith rN++}
   (You found it in the Dungeon)

   [amulet of faith]

   It allows you to gain divine favour quickly.
   It greatly protects you from negative energy.
 W - the ring of Leaves {MR+ SInv}
   (You found it in the Dungeon)

   [ring of protection from magic]

   It affects your resistance to hostile enchantments.
   It lets you see invisible.
 X - the ring of Wusm (right hand) {+Inv rF+ MR++ Int+6 Stlth-}
   (You found it in the Dungeon)

   [ring of intelligence]

   It affects your intelligence (+6).
   It protects you from fire.
   It affects your resistance to hostile enchantments.
   It lets you turn invisible.
   It makes you less stealthy.
 Y - the ring "Luap" (left hand) {+Inv Str+4 Slay+4 Stlth+}
   (You found it in the Dungeon)

   [ring of slaying]

   It affects your strength (+4).
   It affects your accuracy and damage with ranged weapons and melee attacks
   (+4).
   It lets you turn invisible.
   It makes you more stealthy.
Wands
 y - a wand of disintegration (7)
 B - a wand of iceblast (7)
 C - a wand of acid (7)
Scrolls
 j - 4 scrolls of blinking
 p - 4 scrolls of amnesia
 q - 7 scrolls of fog
 r - a scroll of holy word
 s - 5 scrolls of identify
 t - 5 scrolls of remove curse
 u - 2 scrolls of fear
 F - 4 scrolls of enchant weapon
 V - 2 scrolls of brand weapon
Potions
 d - 6 potions of might
 e - 10 potions of curing
 f - 14 potions of heal wounds
 g - 9 potions of haste
 h - 6 potions of magic
 i - 2 potions of berserk rage
 v - 2 potions of brilliance
 w - 2 potions of invisibility
 x - 4 potions of resistance
 A - 8 potions of stabbing
Books
 E - a manual of Unarmed Combat
 P - a manual of Unarmed Combat
 Z - a manual of Axes
Miscellaneous
 m - a tin of tremorstones (3/3)
 L - a phial of floods
 N - 14 boxes of beasts


   Skills:
 O Level 27 Fighting
 + Level 19.7 Axes
 O Level 27 Armour
 O Level 27 Dodging
 O Level 27 Shields
 + Level 3.8 Spellcasting
 O Level 27 Invocations
 O Level 27 Evocations


You had 26 spell levels left.
You didn't know any spells.
Your spell library contained the following spells:

 Spells                   Type           Power        Failure   Level
 Foxfire                  Conj/Fire      #...         58%         1
 Pain                     Necr           #...         58%         1
 Shock                    Conj/Air       #...         58%         1
 Blink                    Tloc           N/A          75%         2
 Corpse Rot               Necr/Air       N/A          75%         2
 Gell's Gravitas          Tloc           #.........   92%         3
 Lesser Beckoning         Tloc           #.........   92%         3
 Mephitic Cloud           Conj/Pois/Air  #.......     92%         3
 Spider Form              Tmut/Pois      #.........   92%         3
 Static Discharge         Conj/Air       #.......     92%         3
 Teleport Other           Tloc           #.......     92%         3
 Cause Fear               Hex            #.........   100%        4
 Fulminant Prism          Conj/Hex       #.........   100%        4
 Olgreb's Toxic Radiance  Pois           #.......     100%        4
 Passage of Golubria      Tloc           N/A          100%        4
 Bolt of Magma            Conj/Fire/Erth #.........   100%        5
 Fireball                 Conj/Fire      #.........   100%        5
 Lightning Bolt           Conj/Air       #.........   100%        5
 Silence                  Hex/Air        #.........   100%        5
 Summon Demon             Summ           #.........   100%        5
 Summon Forest            Summ/Tloc      #.........   100%        5
 Summon Mana Viper        Hex/Summ       #.......     100%        5
 Yara's Violent Unravell  Hex/Tmut       #.........   100%        5
 Conjure Ball Lightning   Conj/Air       #.........   100%        6
 Shadow Creatures         Summ           N/A          100%        6
 Orb of Destruction       Conj           #.........   100%        7
 Summon Hydra             Summ           #.........   100%        7
 Discord                  Hex            #.........   100%        8


Dungeon Overview and Level Annotations

Branches:
Dungeon (1/1)

Altars:
Ashenzari
Cheibriados
Dithmenos
Elyvilon
Fedhas
Gozag
Hepliaklqana
Kikubaaqudgha
Makhleb
Nemelex Xobeh
Okawaru
Qazlal
Ru
Sif Muna
Trog
Uskayaw
Vehumet
Wu Jian
Xom
Yredelemnul
Zin
The Shining One
Beogh
Jiyva
Lugonu


Message History

Unknown command.
Unknown command.
Unknown command.
You slice Wofopupt!!
Wofopupt is almost dead.
You hit Qiumullo but do no damage. You barely miss Ihaadilo.
You slash Itaomygh! You burn Itaomygh. You completely miss Lokhlir.
You closely miss something. You miss Yrhuagh. You completely miss Odefe.
You block Odefe's attack.
The tarantella is engulfed in freezing vapours.
You block Wofopupt's attack.
Geolaf gestures.
You block Qiumullo's attack.
Yrhuagh is engulfed in blazing flames.
Yrhuagh hits you. Yrhuagh corrodes you!
Bylant gestures.
Something headbutts you!
* * * LOW HITPOINT WARNING * * *
You feel more protected from physical attacks.
Lokhlir hits you!!
You die...

")[}.▓ [[...▓
.&[≈≈2}3.[.≈...
)....▓
...&≈≈≈6&&.&≈s..
.....▓
.≈≈&3.≈≈≈....s≈.
.....▓
..≈.≈≈≈&&&≈&.≈..
.....▓
..≈≈≈&s≈&s≈≈≈≈≈.
.....▓
..≈.≈W&&&&s≈≈≈..
.....▓
..≈..34&&.W≈≈...
.....▓
......§&@&°≈....
.....▓
......°&&&≈≈≈...
....
.......§W○≈≈≈...
...
..▓......≈≈≈▓...
▓..
.▓.▓.....≈≈▓.▓..
...
..▓≈≈.≈≈..≈≈▓...
...
........≈.≈.≈...
...
..≈.≈..≈≈≈......
...
.......©.......


You could see Bylant, Cush, Errovam, Geolaf, Guulifio, Hemacki, Hiluxunn,
Hutuep, Ihaadilo, Itaomygh, Kidoufis, Kop Hapo, Lokhlir, Nown (silencing),
Odefe, Peemuc, Qiumullo, Qointiv, Viqaryig, Wofopupt, Yrhuagh, Zaiqevat,
Zeaweqat, a green death, a torturous black sun, a demonic crawler (summoned), a
sun demon (summoned), a phantasmal warrior (summoned), a hellwing (summoned), a
sixfirhy (summoned), 2 phantoms, a ynoxinul, 2 tarantellas and 2 redbacks.

Vanquished Creatures
  2 ancient liches (D)
  14 pandemonium lords (D)
  2 greater mummies (D)
  2 golden dragons (D)
  A pearl dragon (D)
  A lich (D)
  5 deep elf master archers (D)
  An acid blob (D)
  11 quicksilver dragons (D)
  7 deep elf blademasters (D)
  A shadow dragon (D)
  8 iron dragons (D)
  6 deep elf sorcerers (D)
  A balrug (D)
  3 ghouls (D)
  12 spriggan defenders (D)
  3 ophanim (D)
  5 stone giants (D)
  3 vampire knights (D)
  3 apis (D)
  3 deep elf annihilators (D)
  A blizzard demon (D)
  11 merfolk javelineers (D)
  A green death (D)
  3 mummy priests (D)
  7 fire dragons (D)
  A death ooze (D)
  6 crystal guardians (D)
  4 deep elf high priests (D)
  6 merfolk impalers (D)
  A great orb of eyes (D)
  5 hydras (D)
  A monstrous demonspawn (D)
  12 spriggan air magi (D)
  2 ice dragons (D)
  3 merfolk aquamancers (D)
  A satyr (D)
  A death yak (D)
  A vampire mage (D)
  2 death scarabs (D)
  7 dancing weapons (D)
  7 spriggan berserkers (D)
  5 deep elf knights (D)
  12 iron golems (D)
  3 skeletal warriors (D)
  A sea snake (D)
  2 spriggan druids (D)
  A cherub (D)
  4 deep elf archers (D)
  3 swamp dragons (D)
  2 necromancers (D)
  An orc sorcerer (D)
  An orb spider (shapeshifter) (D)
  13 deep elf magi (D)
  5 manticores (D)
  3 ugly things (D)
  4 black mambas (D)
  2 elephants (D)
  A merfolk siren (D)
  An eye of devastation (D)
  A smoke demon (D)
  2 water nymphs (D)
  A naga mage (D)
  5 cane toads (D)
  7 rime drakes (D)
  A demonic crawler (D)
  3 komodo dragons (D)
  2 jumping spiders (D)
  8 guardian mummies (D)
  4 merfolk (D)
  3 slime creatures (D)
  A blink frog (D)
  A wind drake (D)
  A polar bear (D)
  A raiju (shapeshifter) (D)
  A dream sheep (D)
  7 snapping turtles (D)
  7 hippogriffs (D)
  A water elemental (D)
  3 shadows (D)
  2 ushabtiu (D)
  A tarantella (D)
  2 wyverns (D)
  3 vampires (D)
  A fire elemental (D)
  2 yaks (D)
  2 basilisks (D)
  2 neqoxecs (D)
  A hog (shapeshifter) (D)
  3 golden eyes (D)
  A naga (D)
  6 acid dragons (D)
  A water moccasin (shapeshifter) (D)
  9 water moccasins (D)
  A floating eye (D)
  2 porcupines (D)
  5 swamp drakes (D)
  7 necrophages (D)
  A phantom (D)
  A centaur (D)
  7 crocodiles (D)
  9 earth elementals (D)
  4 scorpions (D)
  5 wights (D)
  An iguana (D)
  10 mummies (D)
  3 adders (D)
  2 river rats (D)
  2 white imps (D)
  6 adder zombies (D)
  2 oozes (D)
  3 adder skeletons (D)
  An adder simulacrum (D)
  4 bat skeletons (D)
  3 bat zombies (D)
  A ball python skeleton (D)
  2 bat simulacra (D)
  2 giant cockroach zombies (D)
  A jackal skeleton (D)
  A leopard gecko zombie (D)
423 creatures vanquished.

Notes
Turn   | Place    | Note
-------+----------+-------------------------------------------
     0 | D        | Baz the Hill Orc Fighter began the quest for the Orb.
     0 | D        | Reached XP level 1. HP: 19/19 MP: 1/1
     4 | D        | Found a blossoming altar of Fedhas.
     5 | D        | Found the +6 Majin-Bo {vamp, Archmagi MP+6 Int+6}
     5 | D        | Found the +9 heavy crossbow "Sniper" {vorpal, Acc+∞ SInv}
     5 | D        | Found the +10 dark maul {vorpal}
     5 | D        | Found the +15 Maxwell's patent armour {-Cast -Tele rElec
                  | MR+ rCorr}
     5 | D        | Found the +18 shield of the Gong {rElec rN+ MR+ EV-5}
     5 | D        | Found the cursed +14 obsidian axe {vorpal, +Fly SInv
                  | *Curse}
     5 | D        | Found the +7 great mace "Firestarter" {inner flame, rF++}
     5 | D        | Found the +6 shillelagh "Devastator" {shatter}
     5 | D        | Found the +11 plutonium sword {*Contam Stlth-}
     5 | D        | Found the +8 lance "Wyrmbane" {slay drac, rPois rF+ rC+
                  | AC+3}
     5 | D        | Found the +9 sword of Zonguldrok {reap}
     5 | D        | Found the cursed +13 scythe of Curses {drain, *Curse}
     5 | D        | Found the +0 sword of Power
     5 | D        | Found the +7 mace of Variability {chain chaos}
     5 | D        | Found the +7 Singing Sword {vorpal, sonic wave}
     5 | D        | Found the +8 storm bow {elec, penet}
     6 | D        | Found a viscous altar of Jiyva.
     6 | D        | Found a hazy altar of Hepliaklqana.
     6 | D        | Found a transporter.
     6 | D        | Found an opulent altar of Gozag.
     6 | D        | Found an ancient bone altar of Kikubaaqudgha.
     6 | D        | Found a corrupted altar of Lugonu.
    24 | D        | Found a burning altar of Makhleb.
    25 | D        | Found an iron altar of Okawaru.
    25 | D        | Found a stormy altar of Qazlal.
    25 | D        | Found a sparkling altar of Nemelex Xobeh.
    25 | D        | Found a sacrificial altar of Ru.
    25 | D        | Found a shimmering blue altar of Sif Muna.
    60 | D        | Found a bloodstained altar of Trog.
    88 | D        | Became a worshipper of Qazlal Stormbringer
    97 | D        | Reached skill level 5 in Fighting
    97 | D        | Reached skill level 5 in Axes
    97 | D        | Reached XP level 2. HP: 29/29 MP: 1/5
   165 | D        | Entered arena 2.
   165 | D        | Noticed a necrophage
   165 | D        | Noticed a necrophage
   165 | D        | Found a transporter.
   169 | D        | Killed a necrophage
   169 | D        | Reached skill level 5 in Armour
   169 | D        | Reached skill level 5 in Shields
   169 | D        | Reached XP level 3. HP: 30/37 MP: 5/7
   169 | D        | Reached XP level 4. HP: 35/44 MP: 5/8
   172 | D        | Killed a necrophage
   172 | D        | Reached XP level 5. HP: 43/52 MP: 5/11
   240 | D        | Entered arena 3.
   240 | D        | Found a transporter.
   242 | D        | Reached * piety under Qazlal
   259 | D        | Entered arena 4.
   259 | D        | Noticed a green ugly thing
   259 | D        | Noticed a brown ugly thing
   259 | D        | Noticed a brown ugly thing
   259 | D        | Found a transporter.
   266 | D        | Noticed a water moccasin
   266 | D        | a scorpion changed into a water moccasin
   271 | D        | Killed a green ugly thing
   271 | D        | Reached ** piety under Qazlal
   271 | D        | Reached XP level 6. HP: 62/62 MP: 11/14
   271 | D        | Reached XP level 7. HP: 69/69 MP: 11/15
   278 | D        | Killed a white ugly thing
   278 | D        | Reached skill level 10 in Axes
   278 | D        | Reached XP level 8. HP: 64/78 MP: 11/17
   279 | D        | Killed a green ugly thing
   279 | D        | Reached skill level 10 in Fighting
   426 | D        | Got the +8 plate armour of Hairiness {+Inv Int+4}
   445 | D        | Entered arena 5.
   445 | D        | Found a transporter.
   446 | D        | Reached *** piety under Qazlal
   461 | D        | Got the +3 broad axe of the Twelve Teeth {venom, rC+}
   463 | D        | Entered arena 6.
   463 | D        | Found a transporter.
   464 | D        | Found the +10 morningstar "Eos" {elec, Halo rElec}
   465 | D        | Reached **** piety under Qazlal
   466 | D        | Reached XP level 9. HP: 78/86 MP: 19/19
   507 | D        | Entered arena 7.
   507 | D        | Noticed a polar bear
   508 | D        | Reached ***** piety under Qazlal
   509 | D        | Found a transporter.
   523 | D        | Killed a polar bear
   523 | D        | Reached skill level 10 in Shields
   604 | D        | Entered arena 8.
   604 | D        | Noticed a deep elf mage
   604 | D        | Noticed a deep elf mage
   604 | D        | Noticed a deep elf mage
   604 | D        | Noticed a deep elf mage
   604 | D        | Noticed a deep elf knight
   604 | D        | Noticed a deep elf archer
   605 | D        | Identified the +2 long sword "Laowutic" {holy, rF+ Dex-4
                  | SInv Stlth+}
   605 | D        | Identified the +6 battleaxe "Kobeygexe" {elec, rPois}
   606 | D        | Killed a deep elf mage
   606 | D        | Reached skill level 10 in Armour
   606 | D        | Reached skill level 1 in Dodging
   606 | D        | Killed a deep elf mage
   606 | D        | Reached skill level 15 in Invocations
   606 | D        | Killed a deep elf mage
   607 | D        | Found a transporter.
   612 | D        | Killed a deep elf knight
   612 | D        | Reached XP level 10. HP: 93/97 MP: 12/21
   613 | D        | Killed a deep elf mage
   617 | D        | Killed a deep elf archer
   643 | D        | Entered arena 9.
   644 | D        | Reached ****** piety under Qazlal
   645 | D        | Found a transporter.
   679 | D        | Got the amulet of Kekefis {Faith rN++}
   702 | D        | Entered arena 10.
   703 | D        | Found a transporter.
   874 | D        | Got the ring of Leaves {MR+ SInv}
   876 | D        | Got the ring of Wusm {+Inv rF+ MR++ Int+6 Stlth-}
   878 | D        | Got the ring "Luap" {+Inv Str+4 Slay+4 Stlth+}
   887 | D        | Got Ogualuacw's Almanac of Battle Magic
   893 | D        | Entered arena 11.
   893 | D        | Noticed a black mamba
   893 | D        | Noticed a black mamba
   893 | D        | Noticed a naga mage
   894 | D        | Killed a naga mage
   894 | D        | Killed a black mamba
   894 | D        | Reached skill level 5 in Dodging
   894 | D        | Reached XP level 11. HP: 105/105 MP: 23/23
   895 | D        | Found a transporter.
   908 | D        | Got the Incunabulum of Destructive Black Rituals
   916 | D        | Got the Papyrus of Lightness and Intoxication
   934 | D        | Entered arena 12.
   934 | D        | Noticed a fire dragon
   934 | D        | Noticed a six-headed hydra
   934 | D        | Noticed a six-headed hydra
   935 | D        | Noticed a swamp dragon
   936 | D        | Killed a swamp dragon
   936 | D        | Noticed a fire dragon
   937 | D        | Killed a fire dragon
   938 | D        | Killed a six-headed hydra
   939 | D        | Killed a six-headed hydra
   942 | D        | Found a transporter.
   945 | D        | Killed a fire dragon
  1102 | D        | Entered arena 13.
  1102 | D        | Noticed a merfolk impaler
  1102 | D        | Noticed a merfolk impaler
  1102 | D        | Noticed a manticore
  1102 | D        | Noticed a merfolk aquamancer
  1102 | D        | Noticed a merfolk impaler
  1103 | D        | Noticed a merfolk javelineer
  1103 | D        | Killed a manticore
  1103 | D        | Reached skill level 15 in Axes
  1103 | D        | Killed a merfolk impaler
  1103 | D        | Killed a merfolk javelineer
  1103 | D        | Reached XP level 12. HP: 116/116 MP: 25/25
  1103 | D        | Killed a merfolk impaler
  1103 | D        | Killed a merfolk aquamancer
  1103 | D        | Killed a merfolk impaler
  1105 | D        | Noticed a merfolk javelineer
  1106 | D        | Found a transporter.
  1116 | D        | Killed a merfolk javelineer
  1273 | D        | Entered arena 14.
  1273 | D        | Noticed a satyr
  1274 | D        | Noticed a merfolk javelineer
  1274 | D        | Noticed a merfolk impaler
  1274 | D        | Identified the cursed +2 battleaxe of Eternal Vigilance
                  | {antimagic, Str+3}
  1274 | D        | Noticed a merfolk javelineer
  1274 | D        | Noticed a merfolk javelineer
  1275 | D        | Noticed a merfolk javelineer
  1276 | D        | Killed a merfolk javelineer
  1276 | D        | Killed a satyr
  1276 | D        | Reached skill level 15 in Fighting
  1276 | D        | Killed a merfolk impaler
  1276 | D        | Killed a merfolk javelineer
  1276 | D        | Killed a merfolk javelineer
  1277 | D        | Killed a merfolk javelineer
  1277 | D        | Reached XP level 13. HP: 108/126 MP: 19/27
  1278 | D        | Found a transporter.
  1444 | D        | Entered arena 15.
  1444 | D        | Noticed a death ooze
  1445 | D        | Killed a death ooze
  1445 | D        | Noticed a great orb of eyes
  1446 | D        | Noticed an acid blob
  1447 | D        | Killed a great orb of eyes
  1447 | D        | Killed an acid blob
  1447 | D        | Reached skill level 15 in Armour
  1447 | D        | Reached skill level 15 in Shields
  1449 | D        | Found a transporter.
  1688 | D        | Entered arena 16.
  1688 | D        | Noticed an ancient lich
  1689 | D        | Noticed an ancient lich
  1689 | D        | Noticed a ghoul
  1689 | D        | Noticed a ghoul
  1691 | D        | Killed a ghoul
  1691 | D        | Reached skill level 10 in Dodging
  1692 | D        | Killed a ghoul
  1694 | D        | Killed an ancient lich
  1694 | D        | Reached XP level 14. HP: 139/139 MP: 13/30
  1695 | D        | Found a transporter.
  1701 | D        | Killed an ancient lich
  1791 | D        | Entered arena 17.
  1793 | D        | Noticed a deep elf annihilator
  1793 | D        | Noticed a deep elf master archer
  1794 | D        | Noticed a deep elf sorcerer
  1795 | D        | Killed a deep elf sorcerer
  1795 | D        | Killed a deep elf master archer
  1795 | D        | Killed a deep elf annihilator
  1797 | D        | Found a transporter.
  1833 | D        | Entered arena 18.
  1835 | D        | Noticed an ophan
  1835 | D        | Noticed an apis
  1835 | D        | Noticed a pearl dragon
  1835 | D        | Noticed an apis
  1835 | D        | Noticed an apis
  1836 | D        | Killed an apis
  1836 | D        | Killed a pearl dragon
  1836 | D        | Reached skill level 27 in Invocations
  1836 | D        | Killed an apis
  1836 | D        | Killed an ophan
  1836 | D        | Noticed an ophan
  1837 | D        | Killed an ophan
  1837 | D        | Reached XP level 15. HP: 154/154 MP: 24/32
  1841 | D        | Found a transporter.
  1912 | D        | Entered arena 19.
  1915 | D        | Identified the ring of Ceowuas {rC+ Str+6}
  1916 | D        | Identified the +11 morningstar "Demonbane" {vamp, SInv
                  | Stlth+}
  1918 | D        | Found a transporter.
  1993 | D        | Entered arena 20.
  1997 | D        | Noticed a lich
  1998 | D        | Noticed a ghoul
  1999 | D        | Found the +10 tower shield of Ignorance {rN+ Int-4}
  1999 | D        | Identified the +10 spear "Akleamiqutt" {antimagic, rF+}
  2001 | D        | Killed a lich
  2002 | D        | Found a transporter.
  2014 | D        | Killed a ghoul
  2048 | D        | Entered arena 21.
  2053 | D        | Identified the +7 whip "Seyn" {vorpal, +Rage}
  2054 | D        | Reached skill level 15 in Dodging
  2054 | D        | Reached XP level 16. HP: 169/169 MP: 33/33
  2060 | D        | Found the +8 frozen axe "Frostbite" {freezing cloud, *Noise
                  | +Fly rC+}
  2060 | D        | Found a transporter.
  2090 | D        | Got the ring "Attysett" {Ice *Contam Int-4 Dex+8 Stlth+}
  2097 | D        | Entered arena 22.
  2102 | D        | Noticed a greater mummy
  2102 | D        | Noticed a greater mummy
  2103 | D        | Found the ring of the Octopus King {rCorr AC+1 EV+1 Str+1
                  | Int+1 Dex+1}
  2105 | D        | Killed a greater mummy
  2107 | D        | Identified the +5 falchion "Difon" {vamp, *Drain rN+ Int+4
                  | Dex+7}
  2115 | D        | Killed a greater mummy
  2565 | D        | Found a transporter.
  2594 | D        | Got a ring of the Octopus King {rCorr AC+1 EV+1 Str+1 Int+1
                  | Dex+1}
  2610 | D        | Entered arena 23.
  2614 | D        | Noticed a quicksilver dragon
  2614 | D        | Noticed a quicksilver dragon
  2615 | D        | Noticed a quicksilver dragon
  2616 | D        | Noticed a golden dragon
  2616 | D        | Noticed a quicksilver dragon
  2616 | D        | Noticed a quicksilver dragon
  2616 | D        | Noticed a shadow dragon
  2617 | D        | Killed a quicksilver dragon
  2617 | D        | Killed a quicksilver dragon
  2617 | D        | Killed a quicksilver dragon
  2618 | D        | Killed a shadow dragon
  2618 | D        | Killed a golden dragon
  2619 | D        | Noticed a golden dragon
  2621 | D        | Killed a quicksilver dragon
  2621 | D        | Reached XP level 17. HP: 87/185 MP: 19/34
  2622 | D        | Killed a golden dragon
  2623 | D        | Killed a quicksilver dragon
  2831 | D        | Found a transporter.
  2909 | D        | Got the +1 pair of boots of Sif Muna's Benevolence {Int+3}
  2933 | D        | Got the amulet "Hero's Friend" {Reflect rF++ MP+9 SH+5}
  2984 | D        | Entered arena 24.
  2988 | D        | Noticed a deep elf blademaster
  2988 | D        | Noticed a deep elf blademaster
  2989 | D        | Noticed a deep elf master archer
  2989 | D        | Noticed a deep elf master archer
  2990 | D        | Noticed a deep elf blademaster
  2990 | D        | Noticed a deep elf master archer
  2990 | D        | Noticed a deep elf master archer
  2990 | D        | Noticed a deep elf blademaster
  2991 | D        | Noticed a deep elf blademaster
  2991 | D        | Identified the +10 plate armour "Icliv" {+Inv Dex+4}
  2991 | D        | Noticed a deep elf blademaster
  2991 | D        | Reached skill level 1 in Evocations
  2991 | D        | Killed a deep elf master archer
  2991 | D        | Noticed a deep elf blademaster
  2993 | D        | Reached skill level 5 in Evocations
  2993 | D        | Killed a deep elf master archer
  2993 | D        | Killed a deep elf blademaster
  2993 | D        | Killed a deep elf blademaster
  2993 | D        | Killed a deep elf blademaster
  2993 | D        | Killed a deep elf blademaster
  2993 | D        | Killed a deep elf master archer
  2993 | D        | Killed a deep elf master archer
  2993 | D        | Reached skill level 27 in Fighting
  2993 | D        | Killed a deep elf blademaster
  2993 | D        | Reached skill level 10 in Evocations
  2993 | D        | Killed a deep elf blademaster
  3000 | D        | Found the +3 sling "Punk" {acid, rCorr}
  3000 | D        | Killed a deep elf blademaster
  3002 | D        | Reached XP level 18. HP: 160/200 MP: 15/35
  3092 | D        | Found a transporter.
  3144 | D        | Entered arena 25.
  3149 | D        | Noticed a quicksilver dragon
  3150 | D        | Noticed a quicksilver dragon
  3151 | D        | Noticed a quicksilver dragon
  3151 | D        | Noticed a quicksilver dragon
  3151 | D        | Noticed a quicksilver dragon
  3152 | D        | Found the +6 arbalest "Damnation" {damnation}
  3152 | D        | Killed a quicksilver dragon
  3152 | D        | Killed a quicksilver dragon
  3152 | D        | Killed a quicksilver dragon
  3152 | D        | Noticed a quicksilver dragon
  3155 | D        | Killed a quicksilver dragon
  3155 | D        | Reached skill level 27 in Armour
  3155 | D        | Killed a quicksilver dragon
  3155 | D        | Reached skill level 27 in Shields
  3155 | D        | Reached skill level 15 in Evocations
  3160 | D        | Killed a quicksilver dragon
  3171 | D        | Found a transporter.
  3279 | D        | Entered arena 26.
  3289 | D        | Reached XP level 19. HP: 185/207 MP: 36/36
  3293 | D        | Found a transporter.
  3415 | D        | Entered arena 27.
  3421 | D        | Noticed Itaomygh the pandemonium lord
  3421 | D        | Noticed Ihaadilo the pandemonium lord
  3422 | D        | Noticed Xicvuppo the pandemonium lord
  3423 | D        | Noticed Qointiv the pandemonium lord
  3423 | D        | Noticed Yqoffi Laeth the pandemonium lord
  3423 | D        | Noticed Virituwu the pandemonium lord
  3423 | D        | Noticed Xegao the pandemonium lord
  3423 | D        | Noticed Nown the pandemonium lord
  3423 | D        | Noticed Nyokhis the pandemonium lord
  3423 | D        | Noticed Wiothro the pandemonium lord
  3423 | D        | Noticed Ontuj the pandemonium lord
  3423 | D        | Noticed Kazxeta the pandemonium lord
  3423 | D        | Noticed Xuwixoeq the pandemonium lord
  3423 | D        | Noticed Jequfeuk the pandemonium lord
  3423 | D        | Noticed Jyimmaf the pandemonium lord
  3423 | D        | Noticed Hasenioli the pandemonium lord
  3423 | D        | Noticed Hemacki the pandemonium lord
  3423 | D        | Noticed Gunwugo the pandemonium lord
  3424 | D        | Noticed Odefe the pandemonium lord
  3424 | D        | Noticed Xukh the pandemonium lord
  3424 | D        | Noticed Ate Duacw the pandemonium lord
  3424 | D        | Killed Xicvuppo the pandemonium lord
  3424 | D        | Noticed Odiror the pandemonium lord
  3425 | D        | Killed Nyokhis the pandemonium lord
  3425 | D        | Killed Jequfeuk the pandemonium lord
  3425 | D        | Killed Ontuj the pandemonium lord
  3425 | D        | Killed Kazxeta the pandemonium lord
  3425 | D        | Killed Yqoffi Laeth the pandemonium lord
  3425 | D        | Killed Xukh the pandemonium lord
  3425 | D        | Killed Virituwu the pandemonium lord
  3425 | D        | Killed Jyimmaf the pandemonium lord
  3426 | D        | Noticed Yrhuagh the pandemonium lord
  3426 | D        | Noticed Qiumullo the pandemonium lord
  3426 | D        | Noticed Wofopupt the pandemonium lord
  3426 | D        | Noticed Errovam the pandemonium lord
  3426 | D        | Killed Wiothro the pandemonium lord
  3426 | D        | Killed Odiror the pandemonium lord
  3426 | D        | Killed Ate Duacw the pandemonium lord
  3426 | D        | Reached skill level 27 in Dodging
  3426 | D        | Killed Hasenioli the pandemonium lord
  3426 | D        | Reached XP level 20. HP: 142/216 MP: 22/37
  3426 | D        | Killed Gunwugo the pandemonium lord
  3426 | D        | Reached skill level 27 in Evocations
  3426 | D        | Noticed Lokhlir the pandemonium lord
  3426 | D        | Noticed Guulifio the pandemonium lord
  3427 | D        | Noticed Hutuep the pandemonium lord
  3427 | D        | Noticed Kidoufis the pandemonium lord
  3427 | D        | Noticed Bylant the pandemonium lord
  3427 | D        | Noticed Cush the pandemonium lord
  3428 | D        | Noticed Zeaweqat the pandemonium lord
  3428 | D        | Noticed Peemuc the pandemonium lord
  3430 | D        | Noticed Zaiqevat the pandemonium lord
  3430 | D        | Noticed Geolaf the pandemonium lord
  3430 | D        | Noticed Viqaryig the pandemonium lord
  3431 | D        | Noticed Hiluxunn the pandemonium lord
  3432 | D        | Identified the +6 war axe of Yppuet {freeze, *Slow Str+3
                  | Dex+9}
  3434 | D        | Noticed Kop Hapo the pandemonium lord
  3435 | D        | Demolished by Lokhlir the pandemonium lord

Illustrated notes

Levels and vault maps discovered:
D:        sprint_v [room_start, room_1, room_2, room_3, room_4, room_5, room_6,
          room_7, room_8, room_9, room_10, room_11, room_12, room_13, room_14,
          room_15, room_16, room_17, room_18, room_19, room_20, room_21,
          room_22, room_23, room_24, room_25, room_26, room_27]

Skill      XL: |  1  2  3  4  5  6  7  8  9 10 11 12 13 14 15 16 17 18 19 20 |
---------------+-------------------------------------------------------------+-----
Fighting       | 5 6 7 8 9 10 11 12 14 15 17 19 22 25 27 | 27.0
Axes           | 5 6 7 9 10 12 13 15 18 19 | 19.7
Armour         | 4 5 6 7 8 9 10 11 13 14 16 18 21 23 25 27 | 27.0
Shields        | 4 5 6 7 8 9 11 13 14 15 16 20 23 25 27 | 27.0
Invocations    | 4 6 8 11 12 13 15 17 19 21 24 27 | 27.0
Dodging        | 3 5 7 8 11 13 15 18 20 23 27 | 27.0
Evocations     | 11 19 26 27 | 27.0
Spellcasting   | 3 |  3.8

Action                   |  1- 3 |  4- 6 |  7- 9 | 10-12 | 13-15 | 16-18 | 19-21 || total
-------------------------+-------+-------+-------+-------+-------+-------+-------++-------
Melee: Broad axe         |     3 |    16 |    37 |    32 |    35 |    26 |    14 ||   163
Invok: Upheaval          |       |       |     3 |     7 |     6 |    10 |       ||    26
       Disaster Area     |       |       |       |     3 |     6 |    12 |     5 ||    26
Evoke: Phial of floods   |       |     1 |       |       |       |       |       ||     1
  Use: Potion            |     1 |     1 |       |       |       |     3 |     4 ||     9
       Scroll            |       |       |       |       |     4 |     5 |     4 ||    13
Armor: Chain mail        |       |     4 |     1 |       |       |       |       ||     5
       Gold dragon scale |       |       |    16 |     8 |     7 |    15 |     8 ||    54
Dodge: Dodged            |       |       |       |     2 |     3 |    11 |     4 ||    20
       Repelled          |       |       |       |       |       |     2 |     1 ||     3
Block: Kite shield       |     4 |    26 |    63 |    52 |    33 |    67 |    50 ||   295

Table legend: (Time is in decaauts)
 A = Elapsed time spent in this place.
 B = Non-inter-level travel time spent in this place.
 C = Inter-level travel time spent in this place.
 D = Time resting spent in this place.
 E = Time spent auto-exploring this place.
 F = Levels seen in this place.
 G = Mean time per level.
                   A        B        C        D        E       F      G
               +--------+--------+--------+--------+--------+-----+--------+
         Total |   3454 |   3454 |      0 |   2182 |      0 |   1 | 3454.0 |
       Dungeon |   3454 |   3454 |      0 |   2182 |      0 |   1 | 3454.0 |
               +--------+--------+--------+--------+--------+-----+--------+

Top non-repeatable levels by time:
       D: 3454 daAuts
